Map: Ulrena

Players

FireCake - Winner!

  • Race: Zerg Zerg

Polt

  • Race: Terran Terran

Event: 2016 WCS Winter Circuit Championship

VOD

Have the link to the VOD?

Description

Time

  • Played on: March 4, 2016, 10:46 a.m.
  • Length: 7:11

All games in this series

Show
View Real Time Build Order
Export as new Build Order

FireCake Zerg - Winner!

Build Orders: Pool First 

Get SALT Encoding   

  12  0:00  Drone  
  13  0:08  Drone  
  14  0:17  Overlord  
  14  0:21  Extractor  
  14  0:23  Drone  
  15  0:35  Drone x2  
  17  0:45  Spawning Pool  
  17  0:48  Drone  
  17  0:56  Drone  
  18  1:02  Extractor  
  17  1:14  Hatchery  
  16  1:19  Drone  
  16  1:21  Drone  
  18  1:29  Drone  
  19  1:35  Queen  
  21  1:43  Overlord  
  21  1:51  Drone  
  22  2:02  Metabolic Boost  
  22  2:06  Drone  
  23  2:10  Drone  
  23  2:11  Queen  
  26  2:24  Drone  
  26  2:26  Queen  
  26  2:28  Drone  
  30  2:37  Overlord  
  30  2:46  Spore Crawler  
  30  2:50  Pneumatized Carapace  
  29  2:58  Evolution Chamber, Zergling x6  
  29  2:59  Zergling x6  
  34  3:08  Zergling x2  
  34  3:11  Overlord  
  35  3:13  Zergling x2  
  35  3:19  Zergling x6  
  39  3:24  Zergling x4  
  41  3:33  Zergling x4  
  43  3:40  Overlord  
  43  3:43  Zergling x4  
  43  3:45  Zergling x2  
  46  3:57  Zergling x8  
  47  4:10  Zergling x4  
  47  4:13  Zergling x2  
  47  4:14  Zergling x4  
  49  4:19  Zergling x4  
  45  4:26  Zergling x2  
  44  4:32  Zergling x2  
  44  4:35  Queen x2  
  49  4:39  Zergling x2  
  49  4:40  Zergling x2  
Show
View Real Time Build Order
Export as new Build Order

Polt Terran 

Build Orders: Reaper Expand 

Get SALT Encoding   

  12  0:00  SCV  
  13  0:13  SCV  
  14  0:17  Supply Depot  
  14  0:25  SCV  
  15  0:39  SCV  
  15  0:40  Barracks  
  16  0:44  Refinery  
  16  0:51  SCV  
  17  1:03  SCV  
  18  1:15  SCV  
  19  1:28  Orbital Command, Reaper  
  20  1:41  Command Center  
  20  1:53  SCV  
  21  1:56  Supply Depot  
  21  2:00  Marine  
  22  2:06  SCV  
  23  2:11  Factory  
  23  2:18  SCV  
  23  2:21  Barracks Reactor  
  24  2:23  Refinery  
  24  2:30  SCV  
  25  2:42  SCV  
  26  2:54  Orbital Command, SCV  
  26  2:57  Bunker  
  27  2:59  Starport  
  27  3:00  Factory Tech Lab, Marine x2  
  28  3:06  SCV  
  29  3:18  SCV, Marine x2  
  29  3:19  SCV  
  33  3:22  Siege Tank  
  36  3:28  Supply Depot  
  36  3:31  SCV x2  
  38  3:37  Marine x2  
  38  3:40  Medivac  
  42  3:43  SCV  
  42  3:44  SCV  
  44  3:52  Supply Depot  
  44  3:55  Marine x2  
  46  3:59  SCV x2  
  46  4:02  Bunker  
  25  4:25  Marine x2  
  25  4:26  Siege Tank  
  17  4:48  Marine x2  
Tags
 
Add a new tag
Caveats
  • Supply blocks, unpowered buildings, or Contaminate may cause inaccurate times.
  • Supply counts are checked every 10 seconds.